 Dungeon Crawl Stone Soup version 0.25.1-2-g60ff931df9 (webtiles) character file.

Game seed: 12365450929170647714

2857 pokeman the Thaumaturge (level 9, -6/50 HPs)
             Began as a Deep Elf Wizard on Nov 4, 2020.
             Was a Follower of Vehumet.
             Shot with a sling bullet by Joseph (19 damage)
             ... on level 7 of the Dungeon.
             The game lasted 00:21:46 (11134 turns).

pokeman the Thaumaturge (Deep Elf Wizard)          Turns: 11134, Time: 00:21:46

Health: -6/50      AC:  4    Str:  4    XL:     9   Next: 47%
Magic:  10/25      EV: 12    Int: 27    God:    Vehumet [*.....]
Gold:   315        SH:  0    Dex: 13    Spells: 17/29 levels left

rFire    . . .     SeeInvis .   G - +2 whip (vamp)
rCold    . . .     Gourm    .   (no shield)
rNeg     . . .     Faith    +   h - +0 leather armour
rPois    +         Spirit   .   b - +0 hat
rElec    .         Reflect  .   o - +0 cloak
rCorr    .         Harm     .   (no gloves)
MR       +....                  (no boots)
Stlth    ++........             F - amulet of faith
HPRegen  0.16/turn              j - ring of poison resistance
MPRegen  0.19/turn              D - ring of protection from magic

@: very slightly contaminated
A: no striking features
a: Renounce Religion


You were on level 7 of the Dungeon.
You worshipped Vehumet.
Vehumet was aware of your devotion.
You were hungry.

You visited 2 branches of the dungeon, and saw 8 of its levels.
You also visited: Ossuary.

You collected 315 gold pieces.

Inventory:

Hand Weapons
 G - a +2 vampiric whip (weapon)
Missiles
 q - 14 bolts
Armour
 b - a +0 hat (worn)
 h - a +0 leather armour (worn)
 o - a +0 cloak (worn)
Jewellery
 j - a ring of poison resistance (left hand)
 D - a ring of protection from magic (right hand)
 F - an amulet of faith (around neck)
Wands
 H - a wand of iceblast (12)
Scrolls
 a - 11 scrolls of identify {unknown}
 c - 8 scrolls of remove curse {unknown}
 f - 8 scrolls of teleportation {unknown}
 g - a scroll of enchant weapon {unknown}
 k - 5 scrolls of fog {unknown}
 r - 3 scrolls of amnesia {unknown}
 t - a scroll of immolation {unknown}
 x - a scroll of summoning {unknown}
 y - a scroll of noise {unknown}
 z - a scroll of fear {unknown}
 A - a scroll of enchant armour {unknown}
 B - 2 scrolls of random uselessness {unknown}
 E - a scroll of holy word {unknown}
 I - 2 scrolls of blinking {unknown}
Potions
 e - 7 potions of curing {unknown}
 i - a potion of berserk rage {unknown}
 l - 2 potions of degeneration {unknown}
 m - 3 potions of invisibility {unknown}
 n - 4 potions of stabbing {unknown}
 p - 2 potions of lignification {unknown}
 s - a potion of haste {unknown}
 u - 4 potions of flight {unknown}
 v - a potion of ambrosia {unknown}
 w - 2 potions of heal wounds {unknown}
 C - a potion of cancellation {unknown}
 J - a potion of brilliance {unknown}
Comestibles
 d - 11 rations


   Skills:
 - Level 3.1 Fighting
 + Level 2.3 Armour
 - Level 3.0 Dodging
 - Level 3.0 Stealth
 * Level 10.8 Spellcasting
 * Level 8.3 Conjurations
 - Level 1.1 Summonings
 - Level 1.1 Translocations
 + Level 4.9 Fire Magic
 - Level 1.0 Air Magic
 - Level 1.0 Poison Magic
 + Level 0.4 Evocations


You had 17 spell levels left.
You knew the following spells:

 Your Spells              Type           Power        Failure   Level  Hunger
a - Magic Dart            Conj           ####         1%          1    None
b - Mephitic Cloud        Conj/Pois/Air  ####....     4%          3    None
c - Call Imp              Summ           ###.....     7%          2    None
d - Blink                 Tloc           N/A          7%          2    None
e - Conjure Flame         Conj/Fire      ######..     1%          3    None
f - Shock                 Conj/Air       ####         1%          1    None

Your spell library contained the following spells:

 Spells                   Type           Power        Failure   Level  Hunger
 Slow                     Hex            ##......     11%         2    None


Dungeon Overview and Level Annotations

Branches:
Dungeon (7/15)             Temple (1/1) D:5         Ossuary (visited)

Altars:
Cheibriados
Dithmenos
Elyvilon
Fedhas
Gozag
Hepliaklqana
Kikubaaqudgha
Makhleb
Nemelex Xobeh
Okawaru
Qazlal
Ru
Sif Muna
Uskayaw
Vehumet
Wu Jian
Yredelemnul
Zin
The Shining One

Shops:
D:7 *

Annotations:
D:7 Joseph, Maggie


Message History

Unknown command.
You hit Joseph.
You feel better.
Joseph is moderately wounded.
Joseph hits you with a +0 quarterstaff!
* * * LOW HITPOINT WARNING * * *
Unknown command.
Unknown command.
Casting: Mephitic Cloud (dangerous; 4% risk of failure)
Confirm with . or Enter, or press ? or * to list all spells.
You blink.
Maggie is engulfed in blazing flames.
Joseph ponders the situation.
Unknown command.
You hear a shout!
You hear a shout!
Vehumet accepts your kill.
You feel your power returning.
You feel a bit more experienced.
Joseph unwields a +0 quarterstaff.
Joseph wields a +6 hunting sling of flaming.
It bursts into flame!
Joseph shoots a sling bullet.
The sling bullet hits you!!
You die...

#.....# #.#####.# ..
#......@####.. ...
######.........
...########.........
........∩............#
...........#########.#
#..........# #.....+
#.(....@...# #.....###
#.#.....#### #........
####..# #........ #..#
#........ #<.#
#........ ###.#
#........ #...#
#........ #.#######
#######'# #.......#
#...#.#


You could see Joseph.

Vanquished Creatures
  Eustachio (D:6)
  Menkaure (D:7)
  Edmund (D:6)
  2 black bears (D:7)
  2 orc warriors (D:6)
  An ice beast (D:5)
  A phantom (D:5)
  A necrophage (D:6)
  A sky beast (D:5)
  2 ogres (D:6)
  2 centaurs (D:6)
  2 bullfrogs
  2 scorpions
  4 howler monkeys
  2 jellies (D:6)
  3 hounds
  2 bullfrog skeletons
  7 orc priests
  An iguana (D:4)
  3 worker ants
  4 orc wizards
  A killer bee zombie (D:4)
  11 mummies (Ossuary)
  A hound skeleton (D:6)
  A worker ant zombie (D:6)
  12 adders
  8 gnolls
  3 oozes
  3 worms
  2 dart slugs
  6 leopard geckos
  20 orcs
  2 bats
  4 giant cockroaches
  3 goblins
  5 hobgoblins
  10 jackals
  3 quokkas
  A ball python (D:1)
  3 frilled lizards
  3 gnoll skeletons (Ossuary)
  A goblin skeleton (Ossuary)
  A goblin zombie (D:5)
  A jackal skeleton (D:4)
  8 kobolds
  A kobold skeleton (Ossuary)
  3 orc skeletons (Ossuary)
  2 quokka zombies (D:5)
  6 rats
  11 rat skeletons (Ossuary)
181 creatures vanquished.

Vanquished Creatures (others)
  An orc (D:7)
1 creature vanquished.

Grand Total: 182 creatures vanquished

Notes
Turn   | Place    | Note
-------+----------+-------------------------------------------
     0 | D:1      | pokeman the Deep Elf Wizard began the quest for the Orb.
     0 | D:1      | Reached XP level 1. HP: 10/10 MP: 7/7
   411 | D:1      | Reached XP level 2. HP: 13/15 MP: 1/9
  1164 | D:1      | Reached skill level 5 in Spellcasting
  1483 | D:1      | Reached XP level 3. HP: 20/20 MP: 6/11
  1488 | D:1      | Learned a level 3 spell: Mephitic Cloud
  1491 | D:1      | Learned a level 2 spell: Call Imp
  1494 | D:1      | Learned a level 2 spell: Blink
  1498 | D:1      | Learned a level 3 spell: Conjure Flame
  2081 | D:2      | Found a burning altar of Makhleb.
  2092 | D:2      | Reached skill level 1 in Fighting
  2092 | D:2      | Reached skill level 1 in Armour
  2243 | D:2      | Reached XP level 4. HP: 25/25 MP: 7/13
  3326 | D:3      | Found an ornate altar of the Wu Jian Council.
  3420 | D:3      | Reached skill level 1 in Fire Magic
  3420 | D:3      | Reached skill level 1 in Air Magic
  3420 | D:3      | Reached XP level 5. HP: 10/29 MP: 1/15
  3421 | D:3      | Reached skill level 6 in Spellcasting
  4315 | D:4      | Reached skill level 1 in Poison Magic
  4398 | D:4      | Reached XP level 6. HP: 29/34 MP: 8/17
  4896 | D:4      | Reached skill level 7 in Spellcasting
  5604 | D:5      | Entered Level 5 of the Dungeon
  5607 | D:5      | Noticed an ice beast
  5625 | D:5      | Found a sand-covered staircase.
  5650 | Ossuary  | Entered an ossuary
  5790 | Ossuary  | Reached XP level 7. HP: 38/38 MP: 12/19
  7052 | D:5      | Reached skill level 5 in Conjurations
  7373 | D:5      | Reached skill level 8 in Spellcasting
  7706 | D:5      | Reached XP level 8. HP: 40/44 MP: 8/22
  7966 | D:5      | Found a staircase to the Ecumenical Temple.
  7973 | Temple   | Entered the Ecumenical Temple
  7980 | Temple   | Became a worshipper of Vehumet
  8303 | D:6      | Reached skill level 9 in Spellcasting
  8911 | D:6      | Reached * piety under Vehumet
  8911 | D:6      | Offered knowledge of Shock by Vehumet.
  8914 | D:6      | Learned a level 1 spell: Shock
  9270 | D:6      | Found a sacrificial altar of Ru.
  9306 | D:6      | Reached skill level 10 in Spellcasting
  9306 | D:6      | Reached XP level 9. HP: 49/50 MP: 2/25
  9435 | D:6      | Found an opulent altar of Gozag.
  9539 | D:6      | Noticed Edmund
  9553 | D:6      | Killed Edmund
  9900 | D:6      | Noticed Eustachio
  9910 | D:6      | Killed Eustachio
 10335 | D:7      | Noticed Menkaure
 10737 | D:7      | Killed Menkaure
 11046 | D:7      | Found Lij Wacu's General Store.
 11084 | D:7      | Noticed Joseph
 11107 | D:7      | Noticed Maggie
 11134 | D:7      | Shot with a sling bullet by Joseph

Illustrated notes

Levels and vault maps discovered:
D:1:      dpeg_arrival_solitude, layout_basic
D:2:      layout_basic, lemuel_round_altar
D:3:      layout_loops_ring, marbit_many_paths, cheibrodos_gnoll_hut
D:4:      layout_loops_cross, st_stairs_4, nrook_campfire
D:5:      layout_rooms, minmay_temple_entry_wispy, enter_ossuary_4, first_ration
D:6:      layout_basic, grunt_gozag_breadcrumbs, nicolae_overflow_hidden_temple,
          minivault_22, kennysheep_generic_room_2, uniq_eustachio, uniq_edmund
D:7:      layout_basic, tgw_trog, serial_shops, shop, grunt_livestock,
          uniq_menkaure, uniq_joseph, uniq_maggie
Temple:   nicolae_temple_no_exploring_needed

Skill      XL: |  1  2  3  4  5  6  7  8  9 |
---------------+----------------------------+-----
Spellcasting   | 5 6 7 8 10 | 10.8
Fighting       | 1 2 3 |  3.1
Armour         | 1 2 |  2.3
Conjurations   | 2 3 4 5 7 8 |  8.3
Fire Magic     | 1 2 4 |  4.9
Air Magic      | 1 |  1.0
Poison Magic   | 1 |  1.0
Dodging        | 3 |  3.0
Stealth        | 3 |  3.0
Summonings     | |  1.1
Translocations | |  1.1
Evocations     | |  0.4

Action                   |  1- 3 |  4- 6 |  7- 9 || total
-------------------------+-------+-------+-------++-------
Melee: Unarmed           |     7 |    14 |    18 ||    39
       Whip              |       |       |    32 ||    32
 Cast: Magic Dart        |    90 |   185 |   295 ||   570
       Mephitic Cloud    |       |     3 |    21 ||    24
       Conjure Flame     |       |     2 |    20 ||    22
       Shock             |       |       |     4 ||     4
       Call Imp          |       |       |     6 ||     6
       Blink             |       |       |     2 ||     2
 Stab: Confused          |       |     1 |     5 ||     6
  Eat: Chunk             |     4 |     7 |    12 ||    23
       Ration            |       |     1 |     1 ||     2
Armor: Leather armour    |    13 |    16 |    11 ||    40
Dodge: Dodged            |    33 |    46 |    36 ||   115
